 Dungeon Crawl Stone Soup version 0.29-a0-194-g6e3aafee17 (webtiles) character file.

Game seed: 9031103295431001697

88 Zeldest the Skirmisher (level 4, -5/36 HPs)
             Began as a Mummy Chaos Knight on Feb 22, 2022.
             Was a Plaything of Xom.
             Killed by divine providence
             ... invoked by an orc priest
              (14 damage)
             ... on level 3 of the Dungeon.
             The game lasted 00:01:16 (1744 turns).

Zeldest the Skirmisher (Mummy Chaos Knight)         Turns: 1744, Time: 00:01:17

Health: -5/36      AC:  5    Str: 17    XL:     4   Next: 29%
Magic:  4/4        EV: 11    Int: 11    God:    Xom [.....*]
Gold:   103        SH:  0    Dex: 11    Spells: 3/3 levels left

rFire   x . .      SeeInvis .   a - +0 hand axe (chaos)
rCold   + . .      Faith    .   (no shield)
rNeg    + + +      Spirit   .   b - +2 leather armour
rPois   ∞          Reflect  .   (no helmet)
rElec   .          Harm     .   (no cloak)
rCorr   .          Rampage  .   (no gloves)
Will    .....                   (no boots)
Stlth   +.........              (no amulet)
HPRegen 0.12/turn               (no ring)
MPRegen 0.09/turn               (no ring)

@: no status effects
A: cold resistance 1, negative energy resistance 3, torment resistance 2, heat
vulnerability 1, no potions
a: Renounce Religion


You were on level 3 of the Dungeon.
You worshipped Xom.
You were Xom's teddy bear.
You visited 1 branch of the dungeon, and saw 3 of its levels.

You collected 103 gold pieces.

Inventory:

Hand Weapons
 a - a +0 hand axe of chaos (weapon)
Armour
 b - a +2 leather armour (worn)
Jewellery
 h - a ring of protection from cold
 i - an amulet of reflection
Scrolls
 c - a scroll of vulnerability {unknown}
 d - a scroll of magic mapping {unknown}
 e - a scroll of immolation {unknown}
 f - a scroll of holy word {unknown}
 g - a scroll of amnesia {unknown}
 j - a scroll of identify {unknown}
 k - a scroll of teleportation {unknown}


   Skills:
 + Level 3.6 Fighting
 + Level 3.0 Axes
 + Level 2.3 Armour
 + Level 1.7 Dodging


You had 3 spell levels left.
You didn't know any spells.
Your spell library contained the following spells:

 Spells                   Type           Power      Damage    Failure   Level
 Summon Small Mammal      Summ           0%         N/A       38%         1
 Call Canine Familiar     Summ           0%         N/A       77%         3
 Summon Guardian Golem    Hex/Summ       0%         N/A       77%         3


Dungeon Overview and Level Annotations

Branches:
Dungeon (3/15)

Altars:
Sif Muna


Innate Abilities, Weirdness & Mutations

You are immune to poison.
Your flesh is cold resistant. (rC+)
You are immune to negative energy. (rN+++)
You are immune to unholy pain and torment.
You are vulnerable to heat. (rF-)
You do not drink.


Message History

The orc priest hits you with a +0 hand axe.
You closely miss the orc priest.
The orc priest is heavily wounded.
The orc priest closely misses you.
You barely miss the orc priest.
The orc priest is heavily wounded.
The orc priest calls down the wrath of Beogh upon you.
Beogh smites you!
You hit the orc priest. You burn the orc priest.
The orc priest is severely wounded.
The orc priest completely misses you.
You barely miss the orc priest.
The orc priest is severely wounded.
The orc priest hits you with a +0 hand axe.
You closely miss the orc priest.
The orc priest is severely wounded.
The orc priest hits you with a +0 hand axe. x2
* * * LOW HITPOINT WARNING * * *
You barely miss the orc priest.
The orc priest is severely wounded.
The orc priest closely misses you.
You hit the orc priest.
The orc priest suddenly seems more agile.
The orc priest is almost dead.
The orc priest hits you but does no damage.
You closely miss the orc priest.
The orc priest is almost dead.
The orc priest closely misses you.
You closely miss the orc priest.
The orc priest is almost dead.
The orc priest hits you but does no damage.
You miss the orc priest.
The orc priest is almost dead.
The orc priest misses you.
You barely miss the orc priest.
The orc priest is almost dead.
The orc priest hits you but does no damage.
The orc priest calls down the wrath of Beogh upon you.
Beogh smites you!
You die...

# .. #.#. ##. .
#.#.
#..#########.#.
#............#
#......... ..#
#.......###.#
#..§....# #.#
#...§§..###.#.#
#
#..†§)§@o......
.
#......§###....
#
####.##........
# #.########.#
# #.# #.# # #.#
#.# # ###.#
##'## # #...#
##...## # #.###
##.....## #


You could see an orc priest (agile).

Vanquished Creatures
  4 adders (D:2)
  2 dart slugs (D:1)
  2 orcs (D:3)
  5 ball pythons
  7 endoplasms
  2 giant cockroaches
  7 goblins
  4 kobolds
  2 quokkas (D:2)
  2 bats (D:2)
  5 frilled lizards (D:1)
  A rat (D:1)
43 creatures vanquished.

Notes
Turn   | Place    | Note
-------+----------+-------------------------------------------
     0 | D:1      | Zeldest the Mummy Chaos Knight began the quest for the Orb.
     0 | D:1      | Reached XP level 1. HP: 18/18 MP: 1/1
    61 | D:1      | XOM: divination: magic mapping
    92 | D:1      | Reached skill level 1 in Dodging
   131 | D:1      | Found a faded altar of an unknown god.
   170 | D:1      | XOM: divination: detect items
   220 | D:1      | Reached XP level 2. HP: 23/24 MP: 2/2
   290 | D:1      | XOM: cloud trail
   597 | D:2      | Reached XP level 3. HP: 27/29 MP: 3/3
   759 | D:2      | XOM: cast spell 'Chain of Chaos'
   941 | D:2      | XOM: 2-stop teleportation journey
  1050 | D:2      | Found a shimmering blue altar of Sif Muna.
  1089 | D:2      | Reached XP level 4. HP: 29/35 MP: 4/4
  1683 | D:3      | XOM: 7-stop teleportation journey
  1728 | D:3      | XOM: fog
  1744 | D:3      | Killed from afar by an orc priest

Illustrated notes

Levels and vault maps discovered:
D:1:      lordsloth_arrival_two_stooges, layout_loops_cross,
          shapermc_ecumenical_altar_notcrosses
D:2:      layout_basic, basic_altar, minmay_misc_feat_nine_boxes
D:3:      layout_loops_corners, lemuel_tele_altar, minmay_increasing_density,
          uniq_sigmund

Skill      XL: |  1  2  3  4 |
---------------+-------------+-----
Dodging        | 1 |  1.7
Armour         | 2 |  2.3
Axes           | 3 |  3.0
Fighting       | |  3.6

Action                   |  1- 3 |  4- 6 || total
-------------------------+-------+-------++-------
Melee: Hand axe          |    82 |    44 ||   126
       Punch             |     1 |     1 ||     2
Armor: Leather armour    |    23 |    18 ||    41
Dodge: Dodged            |    38 |    24 ||    62

Table legend: (Time is in decaauts)
 A = Elapsed time spent in this place.
 B = Non-inter-level travel time spent in this place.
 C = Inter-level travel time spent in this place.
 D = Time resting spent in this place.
 E = Time spent auto-exploring this place.
 F = Levels seen in this place.
 G = Mean time per level.
                   A        B        C        D        E       F      G
               +--------+--------+--------+--------+--------+-----+--------+
         Total |   1763 |   1719 |     44 |    334 |   1090 |   3 |  587.7 |
       Dungeon |   1763 |   1719 |     44 |    334 |   1090 |   3 |  587.7 |
               +--------+--------+--------+--------+--------+-----+--------+

Top non-repeatable levels by time:
     D:2: 1094 daAuts
     D:1: 594 daAuts
     D:3: 74 daAuts
